 Dungeon Crawl Stone Soup version 0.31-a0-981-geadf994542 (webtiles) character file.

Game seed: 9730372719364061006

2348 zenocrate the Grappler (level 9, -1/93 HPs)
             Began as a Troll Fighter on Oct 31, 2023.
             Was an Initiate of Dithmenos.
             Slain by a two-headed ogre
             ... wielding a +0 dire flail
              (13 damage)
             ... on level 8 of the Dungeon.
             The game lasted 00:05:45 (5926 turns).

zenocrate the Grappler (Troll Fighter)              Turns: 5926, Time: 00:05:46

Health: -1/93      AC:  4    Str: 30    XL:     9   Next: 20%
Magic:  8/8        EV:  9    Int:  4    God:    Dithmenos [......]
Gold:   496        SH:  7    Dex:  9    Spells: 6/8 levels left

rFire   . .          .
                       - Unarmed
rCold   . . .        b - +0 kite shield
rNeg    . . .        a - +0 robe
rPois   +            (helmet restricted)
rElec   .            (no cloak)
rCorr   .            (gloves unavailable)
SInv    .            (boots unavailable)
Will    .....        (no amulet)
Stlth   +            f - ring of poison resistance
HPRegen 1.15/turn    q - ring of wizardry
MPRegen 0.11/turn

%: wizardry (x1)
@: mighty
A: large, unfitting armour, claws 3, regeneration 1, shaggy fur 1, tough skin 1
a: Renounce Religion


You were on level 8 of the Dungeon.
You worshipped Dithmenos.
Dithmenos was noncommittal.
You visited 2 branches of the dungeon, and saw 9 of its levels.

You collected 496 gold pieces.

Inventory:

Missiles
 m - a throwing net
 s - a boomerang
 t - 2 atropa-tipped darts
Armour
 a - a +0 robe (worn)
 b - a +0 kite shield (worn)
Jewellery
 f - a ring of poison resistance (left claw)
 q - a ring of wizardry (right claw)
Talismans
 w - a blade talisman
Wands
 n - a wand of quicksilver (6)
Scrolls
 d - 2 scrolls of enchant armour
 g - 8 scrolls of teleportation
 h - 2 scrolls of torment
 j - a scroll of immolation
 k - 2 scrolls of amnesia
 l - a scroll of revelation {unknown}
 u - a scroll of vulnerability {unknown}
 v - a scroll of fear {unknown}
 x - a scroll of acquirement {unknown}
 y - a scroll of fog {unknown}
Potions
 o - 2 potions of invisibility
 p - a potion of curing
 r - a potion of lignification


   Skills:
 + Level 7.2 Fighting
 - Level 2.4 Dodging
 - Level 2.6 Shields
 + Level 9.6 Unarmed Combat


You had 6 spell levels left.
You knew the following spells:

 Your Spells              Type           Power      Damage    Failure   Level
a - Wereblood             Tmut           0%         N/A       52%         2

Your spell library contained the following spells:

 Spells                   Type           Power      Damage    Failure   Level
 Slow                     Hex            0%         N/A       38%         1
 Confusing Touch          Hex            0%         N/A       75%         3
 Ignite Poison            Fire/Tmut/Pois 0%         N/A       75%         3
 Sigil of Binding         Hex            0%         N/A       75%         3
 Vampiric Draining        Necr           0%         2d6       75%         3
 Sticky Flame             Conj/Fire      0%         2d3       98%         4
 Irradiate                Conj/Tmut      0%         3d11      100%        5
 Ignition                 Fire           0%         3d3       100%        8


Dungeon Overview and Level Annotations

Branches:
Dungeon (8/15)             Temple (1/1) D:7
   Lair: D:8-11

Altars:
Ashenzari
Cheibriados
Dithmenos
Elyvilon
Fedhas
Gozag
Hepliaklqana
Kikubaaqudgha
Makhleb
Nemelex Xobeh
Okawaru
Qazlal
Ru
Sif Muna
Trog
Uskayaw
Vehumet
Wu Jian
Xom
Yredelemnul
Zin
The Shining One

Shops:
D:6 *


Innate Abilities, Weirdness & Mutations

You are too large for most types of armour.
You have claws for hands.
Your natural rate of healing is unusually fast.
You are covered in fur. (AC +1)
You have tough skin. (AC +1)


Message History

Press: ? - help, Q - select action, (/) - cycle Shift-Dir - straight line, f/p - wyvern
Aim: a wyvern (54% to hit)
You throw a poisoned dart.
The poisoned dart closely misses the wyvern.
Unknown command.
You block the wyvern's attack. The wyvern bites you!
You barely miss the wyvern. The wyvern closely misses you.
The wyvern bites you!! The wyvern barely misses you.
The wyvern attacks as it pursues you! The wyvern closely misses you.
The wyvern bites you! The wyvern attacks as it pursues you!
The wyvern bites you!
You feel very mighty all of a sudden. The wyvern bites you!
You block the wyvern's attack.
Unknown command.
You scratch the wyvern but do no damage.
The wyvern bites you.
Unknown command.
You mangle the wyvern!!
The wyvern is almost dead.
The wyvern bites you!
* * * LOW HITPOINT WARNING * * *
Unknown command.
Unknown command.
You mangle the wyvern!!
You kill the wyvern!
Dithmenos accepts your kill.
Unknown command.
Unknown command.
You mangle the two-headed ogre!!
The two-headed ogre is moderately wounded.
You block the two-headed ogre's attack.
The two-headed ogre hits you with a +0 giant spiked club!
* * * LOW HITPOINT WARNING * * *
Unknown command.
Unknown command.
You scratch the two-headed ogre.
The two-headed ogre is moderately wounded.
The two-headed ogre hits you with a +0 dire flail!
You die...

......#
##.............
......
#....).†......
.....#
#...?.^.^.....
.....
##....≈.#§..PPP
#.....^≈_....._
###.g..≈#≈..PPP
##J#.^^#.....
#O#####...##
#@# ### ##)# .#
.# ##


You could see a two-headed ogre, a gnoll sergeant and a jelly.

Vanquished Creatures
  A gargoyle (D:8)
  Sigmund (D:3)
  A wyvern (D:8)
  A steam dragon (D:7)
  A water moccasin (D:5)
  3 ice beasts
  An orc warrior (D:8)
  An ogre (D:6)
  2 centaurs
  A phantom (D:7)
  A bullfrog (D:7)
  2 scorpions
  2 howler monkeys (D:8)
  3 orc priests
  4 hounds
  2 sleepcaps (D:5)
  Terence (D:3)
  2 iguanas
  An orc wizard (D:5)
  7 gnolls
  3 adders
  A white imp (D:5)
  4 ufetubi (D:7)
  A worm (D:3)
  2 dart slugs (D:1)
  22 orcs
  5 ball pythons
  10 endoplasms
  3 giant cockroaches
  3 goblins
  2 hobgoblins
  11 jackals
  6 kobolds
  9 quokkas
  5 bats
  5 frilled lizards
  3 rats
133 creatures vanquished.

Vanquished Creatures (others)
  2 orc wizards
2 creatures vanquished.

Grand Total: 135 creatures vanquished

Notes
Turn   | Place    | Note
-------+----------+-------------------------------------------
     0 | D:1      | zenocrate the Troll Fighter began the quest for the Orb.
     0 | D:1      | Reached XP level 1. HP: 22/22 MP: 0/0
    94 | D:1      | Reached XP level 2. HP: 28/29 MP: 1/1
   123 | D:1      | Reached skill level 3 in Unarmed Combat
   353 | D:1      | Reached XP level 3. HP: 36/36 MP: 2/2
   722 | D:2      | Reached skill level 4 in Unarmed Combat
  1547 | D:3      | Found a broken altar of Ashenzari.
  1717 | D:3      | Reached XP level 4. HP: 44/44 MP: 3/3
  1837 | D:3      | Noticed a scorpion
  1841 | D:3      | Killed a scorpion
  1921 | D:3      | Found a faded altar of an unknown god.
  1956 | D:3      | Noticed Sigmund
  1965 | D:3      | Killed Sigmund
  1966 | D:3      | Reached skill level 5 in Unarmed Combat
  1966 | D:3      | Reached XP level 5. HP: 45/53 MP: 4/4
  1966 | D:3      | Reached XP level 6. HP: 51/61 MP: 5/5
  2142 | D:3      | Noticed Terence
  2143 | D:3      | Killed Terence
  2194 | D:3      | Learned a level 2 spell: Wereblood
  2459 | D:4      | Reached skill level 6 in Unarmed Combat
  3143 | D:4      | Found an iron altar of Okawaru.
  3186 | D:5      | Entered Level 5 of the Dungeon
  3196 | D:5      | Noticed an ice beast
  3204 | D:5      | Killed an ice beast
  3302 | D:5      | Found a shimmering altar of Xom.
  3361 | D:5      | Found a shimmering blue altar of Sif Muna.
  3373 | D:5      | Noticed an ice beast
  3385 | D:5      | Killed an ice beast
  3386 | D:5      | Reached XP level 7. HP: 12/70 MP: 6/6
  3618 | D:5      | Found an opulent altar of Gozag.
  3646 | D:5      | Reached skill level 7 in Unarmed Combat
  3649 | D:5      | Reached skill level 5 in Fighting
  3798 | D:5      | Found a glowing golden altar of the Shining One.
  4009 | D:5      | Found a hide-covered altar of Uskayaw.
  4024 | D:5      | Reached XP level 8. HP: 57/80 MP: 7/7
  4338 | D:6      | Found Lauwily's Lightly-Used Armoury.
  4690 | D:6      | Reached skill level 8 in Unarmed Combat
  5290 | D:7      | Found a staircase to the Ecumenical Temple.
  5328 | D:7      | Found a shadowy altar of Dithmenos.
  5339 | D:7      | Became a worshipper of Dithmenos the Shadowed
  5364 | Temple   | Entered the Ecumenical Temple
  5613 | D:8      | Noticed a gargoyle
  5623 | D:8      | Killed a gargoyle
  5624 | D:8      | Reached skill level 9 in Unarmed Combat
  5663 | D:8      | Noticed a two-headed ogre
  5815 | D:8      | Found a stormy altar of Qazlal.
  5821 | D:8      | Reached XP level 9. HP: 13/92 MP: 8/8
  5902 | D:8      | Found a blossoming altar of Fedhas.
  5926 | D:8      | Slain by a two-headed ogre

Illustrated notes

Levels and vault maps discovered:
D:1:      reono_arrival_forest_river, layout_basic,
          chequers_serial_rivers_marsh, dreamdust_princess_corridor,
          chequers_serial_rivers_micro_d
D:2:      layout_loops_ring, grunt_decor_mini_mirrors
D:3:      minmay_diamond_boxcup, layout_basic, nicolae_ashenzari_panopticon,
          shapermc_ecumenical_altar_totnotflames, chequers_hall_statues_wall_a,
          uniq_sigmund, uniq_terence
D:4:      layout_loops_ring, kennysheep_mini_moat
D:5:      layout_loops_ring, mainiacjoe_overflow_tiny_flanked,
          nicolae_uskayaw_dance_hall, tso_altar,
          mainiacjoe_overflow_surrounded_room, nicolae_gozag_seed_capital,
          serial_aquarium, aquarium_bridge_straight [aquarium_subvault_bridge,
          aquarium_subvault_wall, aquarium_subvault_bridge,
          aquarium_subvault_window], aquarium_window_corner, aquarium_window_1,
          aquarium_view_2b, aquarium_view_2d, aquarium_balcony_double_1,
          minmay_misc_feat_plants
D:6:      layout_basic, hangedman_decor_points, minmay_shop_damaged,
          kennysheep_flooded_box
D:7:      layout_cave_pools, pf_just_have_faith, minmay_temple_entry_ruins
D:8:      layout_cave_pods, grunt_temple_overflow_forces_of_nature,
          gammafunk_ghost_cemetery, uniq_amaemon
Temple:   nicolae_temple_x_marks_the_god

Skill      XL: |  1  2  3  4  5  6  7  8  9 |
---------------+----------------------------+-----
Unarmed Combat | 3 4 5 6 7 9 |  9.6
Fighting       | 3 4 5 6 7 |  7.2
Dodging        | |  2.4
Shields        | |  2.6

Action                     |  1- 3 |  4- 6 |  7- 9 || total
---------------------------+-------+-------+-------++-------
  Melee: Unarmed           |    99 |    82 |   171 ||   352
  Throw: Dart              |       |       |     4 ||     4
    Use: Scroll            |     4 |     1 |     6 ||    11
         Potion            |       |       |     2 ||     2
 Armour: Robe              |    64 |    39 |   148 ||   251
  Dodge: Dodged            |    25 |    25 |    78 ||   128
  Block: Kite shield       |    34 |    19 |    67 ||   120

Table legend: (Time is in decaauts)
 A = Elapsed time spent in this place.
 B = Non-inter-level travel time spent in this place.
 C = Inter-level travel time spent in this place.
 D = Time resting spent in this place.
 E = Time spent auto-exploring this place.
 F = Levels seen in this place.
 G = Mean time per level.
                   A        B        C        D        E       F      G
               +--------+--------+--------+--------+--------+-----+--------+
         Total |   5925 |   5552 |    373 |      0 |   4678 |   9 |  658.3 |
       Dungeon |   5918 |   5545 |    373 |      0 |   4678 |   8 |  739.8 |
        Temple |      6 |      6 |      0 |      0 |      0 |   1 |    6.0 |
               +--------+--------+--------+--------+--------+-----+--------+

Top non-repeatable levels by time:
     D:3: 1140 daAuts
     D:5: 1030 daAuts
     D:6: 830 daAuts
     D:4: 745 daAuts
     D:2: 726 daAuts
     D:7: 594 daAuts
     D:1: 578 daAuts
     D:8: 273 daAuts
  Temple: 6 daAuts
